Map: Prion Terraces

Players

LiquidBunny (Bunny) - Winner!

  • Race: Terran Terran
  • League: Grandmaster

MajeStic

  • Race: Protoss Protoss
  • League: Grandmaster

Event: DreamHack ROCCAT LotV Championship

VOD

Have the link to the VOD?

Description

Time

  • Played on: Nov. 26, 2015, 12:22 p.m.
  • Length: 9:41

All games in this series

Show
View Real Time Build Order
Export as new Build Order

LiquidBunny Terran - Winner!

Build Orders: Reaper Expand, MMM Bio 

Get SALT Encoding   

  12  0:00  SCV  
  13  0:13  SCV  
  14  0:18  Supply Depot  
  14  0:25  SCV  
  15  0:39  SCV  
  15  0:41  Barracks  
  16  0:45  Refinery  
  16  0:51  SCV  
  17  1:03  SCV  
  18  1:16  SCV  
  19  1:28  Orbital Command  
  19  1:29  Reaper  
  20  1:43  Command Center  
  20  1:53  SCV  
  21  1:56  Supply Depot  
  21  2:02  Barracks Reactor  
  21  2:04  Refinery  
  21  2:05  SCV  
  22  2:13  Barracks  
  22  2:17  SCV  
  23  2:24  Factory  
  24  2:30  SCV  
  24  2:39  Marine x2  
  24  2:42  SCV  
  27  2:54  SCV, Orbital Command  
  27  2:57  Marine x2  
  30  3:01  Barracks Tech Lab  
  30  3:06  SCV  
  30  3:08  Starport, Widow Mine  
  33  3:14  Marine  
  33  3:17  Marine  
  33  3:18  SCV  
  36  3:20  SCV  
  36  3:24  Stimpack  
  37  3:27  Marine  
  37  3:31  SCV  
  37  3:32  SCV  
  40  3:35  Supply Depot  
  40  3:37  Widow Mine  
  42  3:43  SCV  
  42  3:44  SCV, Medivac  
  46  3:52  Supply Depot  
  46  3:57  SCV, Marine  
  46  3:58  Engineering Bay, Marine  
  46  4:01  SCV  
  50  4:05  Marine  
  50  4:07  Widow Mine  
  50  4:09  SCV  
  52  4:17  Medivac  
  52  4:22  SCV  
  55  4:24  SCV  
  55  4:29  Missile Turret x2  
  55  4:30  Marine x2  
  58  4:34  SCV  
  58  4:36  SCV  
  58  4:38  Supply Depot  
  60  4:47  SCV  
  60  4:49  SCV  
  60  4:52  Terran Infantry Weapons Level 1  
  62  4:53  Supply Depot  
  62  4:54  Refinery  
  62  4:59  Marine x3  
  66  5:00  SCV  
  66  5:01  SCV  
  66  5:12  SCV  
  66  5:13  SCV  
  66  5:17  Marine x2  
  66  5:21  Marine  
  68  5:24  SCV  
  68  5:25  SCV  
  68  5:35  Marine x2  
  69  5:36  SCV  
  69  5:37  SCV  
  69  5:39  Marine  
  69  5:44  Barracks  
  69  5:45  Barracks  
  69  5:46  Factory Reactor, Starport Reactor  
  69  5:48  SCV  
  69  5:49  SCV  
  70  5:51  Refinery  
  70  5:53  Marine  
  70  5:54  Command Center, Marine  
  70  5:57  Marine  
  72  5:58  Combat Shields  
  72  6:00  SCV  
  72  6:01  SCV  
  75  6:05  Barracks  
  75  6:08  Supply Depot x2  
  75  6:10  Marine  
  76  6:12  SCV  
  76  6:13  SCV  
  76  6:14  Supply Depot  
  78  6:25  Supply Depot  
  78  6:29  SCV x2, Marine, Widow Mine x2  
  78  6:30  Medivac x2, Marauder  
  91  6:39  Barracks Tech Lab  
  91  6:40  Barracks Reactor  
  91  6:41  SCV x2  
  91  6:47  Terran Infantry Armor Level 1  
  93  6:52  Marauder, Marine x2  
  93  6:53  SCV  
  97  6:54  SCV  
  96  7:06  SCV, Marauder  
  96  7:07  SCV  
  100  7:09  Barracks Tech Lab  
  100  7:10  Widow Mine  
  100  7:11  Widow Mine  
  100  7:13  Orbital Command  
  100  7:15  Medivac x2  
  108  7:18  SCV  
  108  7:21  Marine  
  109  7:23  Armory  
  109  7:24  SCV, Engineering Bay, Marauder  
  105  7:31  SCV  
  105  7:33  Liberator, Marauder, Marine  
  105  7:35  Liberator  
  105  7:36  SCV, Marauder, Marine  
  105  7:37  Marine  
  106  7:39  Marine  
  106  7:43  Widow Mine  
  106  7:44  Widow Mine  
  108  7:45  Marauder  
  108  7:51  Marine  
  116  7:53  Marine  
  116  7:54  Marine  
  116  7:55  Marauder  
  116  7:57  Marine x2  
  122  8:06  Marine  
  122  8:08  Marine  
  122  8:10  Concussive Shells  
  122  8:11  Marine  
  122  8:12  Marine  
  123  8:14  Marine  
  123  8:18  Marauder  
  123  8:19  Marauder  
  119  8:24  Marauder  
  119  8:26  Marine  
  119  8:27  Liberator  
  119  8:29  Marine  
  119  8:30  Marine  
  119  8:32  Marine  
  108  8:34  Orbital Command  
  108  8:36  Orbital Command  
  108  8:39  Marauder  
  108  8:40  Marauder  
  103  8:44  Marine  
  103  8:45  Orbital Command  
  103  8:46  Marauder  
  103  8:47  Marine  
  103  8:48  Marine  
  109  8:50  Marine  
  98  9:01  Marauder x2  
  98  9:02  Marine  
  96  9:05  Marine  
  96  9:06  Marine  
  96  9:07  Marauder  
  96  9:08  Marine  
  91  9:20  Marine  
  91  9:22  Marine  
  91  9:23  SCV x2  
  91  9:24  SCV  
Show
View Real Time Build Order
Export as new Build Order

MajeStic Protoss 

Build Orders: 1 Gate Expand, Oracle Opening, Blink Stalkers 

Get SALT Encoding   

  12  0:00  Probe (Chrono Boost)  
  13  0:11  Probe (Chrono Boost)  
  14  0:17  Pylon  
  14  0:22  Probe (Chrono Boost)  
  16  0:36  Probe (Chrono Boost)  
  16  0:39  Gateway  
  16  0:44  Assimilator  
  16  0:46  Probe (Chrono Boost)  
  17  0:57  Probe (Chrono Boost)  
  18  1:07  Probe (Chrono Boost)  
  19  1:18  Probe (Chrono Boost)  
  20  1:21  Nexus  
  20  1:30  Cybernetics Core  
  20  1:34  Probe (Chrono Boost)  
  20  1:39  Assimilator  
  21  1:46  Pylon  
  21  1:50  Probe (Chrono Boost)  
  22  2:01  Probe (Chrono Boost)  
  22  2:07  Adept (Chrono Boost), Warp Gate  
  25  2:13  Mothership Core (Chrono Boost)  
  27  2:26  Pylon  
  27  2:34  Probe (Chrono Boost)  
  28  2:38  Probe (Chrono Boost)  
  30  2:44  Probe (Chrono Boost)  
  30  2:45  Stargate  
  30  2:48  Probe (Chrono Boost)  
  31  2:55  Probe (Chrono Boost)  
  32  2:59  Probe (Chrono Boost)  
  32  3:03  Assimilator  
  32  3:05  Probe (Chrono Boost)  
  34  3:09  Probe (Chrono Boost)  
  34  3:10  Pylon  
  34  3:11  Adept  
  37  3:16  Probe (Chrono Boost)  
  39  3:20  Probe (Chrono Boost)  
  39  3:22  Twilight Council  
  39  3:26  Probe (Chrono Boost)  
  40  3:29  Probe (Chrono Boost)  
  40  3:32  Oracle (Chrono Boost)  
  44  3:37  Probe  
  44  3:39  Probe  
  44  3:41  Pylon  
  46  3:49  Probe  
  46  3:51  Robotics Facility  
  46  3:52  Probe  
  48  4:01  Probe  
  48  4:02  Probe  
  49  4:05  Assimilator, Blink (Chrono Boost)  
  50  4:13  Probe x2  
  49  4:19  Pylon  
  49  4:23  Gateway  
  49  4:25  Gateway, Probe  
  49  4:30  Probe  
  51  4:38  Stalker  
  51  4:41  Observer  
  51  4:42  Probe  
  55  4:48  Pylon, Robotics Bay  
  55  4:54  Pylon  
  55  4:56  Forge  
  55  5:04  Gateway  
  50  5:15  Observer  
  51  5:22  Stalker  
  52  5:39  Observer  
  50  5:43  Protoss Ground Weapons Level 1 (Chrono Boost)  
  50  5:44  Probe  
  51  5:51  Probe  
  51  5:56  Gateway, Probe  
  53  5:58  Sentry, Gateway  
  53  6:00  Disruptor (Chrono Boost)  
  58  6:05  Sentry, Stalker x2  
  58  6:10  Gateway, Pylon  
  62  6:21  Probe  
  62  6:23  Probe  
  64  6:26  Adept  
  64  6:29  Stalker  
  64  6:32  Probe  
  68  6:33  Warp Prism (Chrono Boost)  
  68  6:38  Stalker x2  
  75  6:42  Probe  
  76  7:01  Disruptor (Chrono Boost)  
  76  7:02  Stalker x3  
  76  7:08  Stalker x2  
  87  7:12  Stalker  
  89  7:29  Stalker x4  
  79  7:45  Observer  
  79  7:46  Stalker x3  
  86  7:53  Stalker x2  
  86  7:55  Adept  
  92  8:08  Stalker  
  92  8:14  Stalker x2  
  92  8:15  Stalker  
  89  8:34  Stalker x4  
  89  8:41  Stalker x2  
  76  8:55  Stalker  
  76  8:59  Stalker x2  
  76  9:00  Stalker  
  76  9:02  Adept  
  74  9:06  Adept x2  
  60  9:21  Stalker  
  60  9:22  Stalker x2  
  66  9:26  Stalker  
  66  9:33  Stalker  
  66  9:37  Adept x2  

Tags
 
Add a new tag
Caveats
  • Supply blocks, unpowered buildings, or Contaminate may cause inaccurate times.
  • Supply counts are checked every 10 seconds.